AoeStats
← mountain98

Migration

509858016Analyzed
1v1 RM · 4d ago on Sep 28, 2026· 29m 39s· 2 players
Game mode
Random Map
Map size
132×132
Population
200
Speed
Normal
Resources
Standard
Victory
Conquest
Starting age
Dark Age
Ending age
Imperial Age
RankedLock teamsTeams togetherTeam positionsShared explorationLock speedFull tech treeHidden civsTurbo modeCheats
Victory
Defeat
🇪🇸 Sicilians · Spain
901
+16
🇳🇱 Varangians · Netherlands
901
-16
mountain98
11:26 Feudal Age
16:34 Castle Age
16:20 Double-Bit Axe
psycomp3
11:45 Feudal Age
13:04 Wheelbarrow
12:21 Double-Bit Axe
13:12 Gold Mining
13:32 Town Watch
15:37 Fletching
16:41 Loom
18:03 Stone Mining
21:18 Castle Age
26:22 Pikeman
27:02 Squires
28:17 Hand Cart
29:15 Forging
Connection lost

Rejoining the realm…

Still unreachable

The connection could not be restored.

Session expired

The server has moved on; the page needs a fresh start.